 Dungeon Crawl Stone Soup version 0.27.1-34-g3ba077fa99 (webtiles) character file.

Game seed: 9997783575198037793

646 mcbry74 the Spear-Bearer (level 7, -6/50 HPs)
             Began as a Merfolk Gladiator on Jan 28, 2022.
             Was an Initiate of Okawaru.
             Killed from afar by a white imp (8 damage)
             ... with a puff of frost
             ... summoned by Eustachio
             ... on level 6 of the Dungeon.
             The game lasted 00:13:40 (5113 turns).

mcbry74 the Spear-Bearer (Merfolk Gladiator)        Turns: 5113, Time: 00:13:41

Health: -6/50      AC:  7    Str: 14      XL:     7   Next: 52%
Magic:  16/16      EV: 13    Int: 10      God:    Okawaru [......]
Gold:   199        SH:  0    Dex: 13 (15) Spells: 6/6 levels left

rFire    . . .     SeeInvis +   a - +0 trident
rCold    . . .     Faith    .   (no shield)
rNeg     . . .     Spirit   .   g - +3 leather armour
rPois    .         Reflect  .   c - +0 helmet
rElec    .         Harm     .   (no cloak)
rCorr    .         Rampage  .   (no gloves)
Will     .....                  (no boots)
Stlth    +.........             (no amulet)
HPRegen  0.16/turn              m - ring of magical power
MPRegen  0.15/turn              r - ring of see invisible

@: brilliant
A: (nimble swimmer 2), mertail
a: Renounce Religion


You were on level 6 of the Dungeon.
You worshipped Okawaru.
Okawaru was noncommittal.
You visited 2 branches of the dungeon, and saw 7 of its levels.

You collected 199 gold pieces.

Inventory:

Hand Weapons
 a - a +0 trident (weapon)
Missiles
 d - 2 throwing nets
 f - 6 boomerangs
 n - 18 sling bullets
 o - 31 poisoned darts (quivered)
Armour
 b - a +0 leather armour
 c - a +0 helmet (worn)
 g - a +3 leather armour (worn)
Magical Staves
 t - a staff of death
Jewellery
 m - a ring of magical power (left hand)
 r - a ring of see invisible (right hand)
Wands
 p - a wand of acid (8)
Scrolls
 e - 3 scrolls of noise {unknown}
 i - a scroll of teleportation {unknown}
 j - 5 scrolls of fear {unknown}
 l - 5 scrolls of identify {unknown}
 s - 3 scrolls of enchant weapon {unknown}
 v - a scroll of immolation {unknown}
Potions
 h - 2 potions of brilliance
 k - 3 potions of lignification {unknown}
 q - a potion of might {unknown}
 u - a potion of curing {unknown}
 w - a potion of magic {unknown}


   Skills:
 - Level 2.1 Fighting
 + Level 11.9 Polearms
 - Level 2.0 Throwing
 - Level 4.0 Dodging


You had 6 spell levels left.
You didn't know any spells.
Your spell library contained the following spells:

 Spells                   Type           Power      Damage    Failure   Level
 Summon Guardian Golem    Hex/Summ       0%         N/A       82%         3
 Orb of Destruction       Conj           0%         N/A       100%        7
 Spellforged Servitor     Conj/Summ      0%         N/A       100%        7


Dungeon Overview and Level Annotations

Branches:
Dungeon (6/15)             Temple (1/1) D:5

Altars:
Ashenzari
Cheibriados
Dithmenos
Elyvilon
Fedhas
Gozag
Hepliaklqana
Kikubaaqudgha
Makhleb
Nemelex Xobeh
Okawaru
Qazlal
Ru
Sif Muna
Trog
Uskayaw
Vehumet
Wu Jian
Xom
Zin
The Shining One

Annotations:
D:6 Eustachio


Innate Abilities, Weirdness & Mutations

((You are quick and stealthy near water. (Stealth+, EV+, Speed+++)))
Your lower body shifts to a powerful aquatic tail in water.


Message History

Eustachio is severely wounded.
The quasit closely misses you.
The quasit claws you but does no damage. x2
The white imp hits you. The white imp freezes you.
Eustachio mumbles some strange words.
Eustachio blinks!
You miss the quasit. The rat bites you but does no damage.
The quasit misses you. The quasit closely misses you.
The quasit claws you but does no damage.
The white imp gestures at you. The puff of frost hits you!
Eustachio hits you with a +0 rapier. The white imp hits you.
The white imp freezes you.
* * * LOW HITPOINT WARNING * * *
The shadow imp closely misses you.
You closely miss Eustachio.
Eustachio is severely wounded.
The quasit bites you but does no damage.
The quasit closely misses you. The quasit claws you.
* * * LOW HITPOINT WARNING * * *
Eustachio twirls his moustache.
Eustachio hits you with a +0 rapier.
* * * LOW HITPOINT WARNING * * *
The rat closely misses you. The white imp gestures at you.
The puff of frost hits you.
* * * LOW HITPOINT WARNING * * *
It was a potion of brilliance.
You feel clever all of a sudden. The quasit closely misses you. x2
The quasit claws you but does no damage.
The shadow imp hits you.
* * * LOW HITPOINT WARNING * * *
Eustachio hits you with a +0 rapier.
* * * LOW HITPOINT WARNING * * *
The rat barely misses you. The quasit closely misses you.
The quasit claws you but does no damage. x2
The white imp gestures at you. The puff of frost hits you!
You die...

.# .# # .# #.# . .#
#.# #### ######.# ..#
.... ......# #.##
##.######..####..####
##..................#
##........####..@...#
##........# #..@5..#
##........# #.r55..#
..........#.........#
##........#.#########
#......#.#
#.......#.#
..#####.#.# ## #.#.#.
#.#.#.#


You could see Eustachio, a quasit (summoned), a white imp (summoned), a shadow
imp (summoned) and a rat (summoned).

Vanquished Creatures
  A black bear (D:5)
  An ogre (D:4)
  A centaur (D:5)
  A wyvern zombie (D:5)
  2 hounds (D:4)
  A bullfrog skeleton (D:5)
  Terence (D:2)
  2 iguanas
  5 gnolls
  3 adders
  An adder skeleton (D:4)
  3 dart slugs
  An orc (D:3)
  7 ball pythons
  9 endoplasms
  6 giant cockroaches
  5 goblins
  11 hobgoblins
  9 jackals
  7 quokkas
  A bat (D:3)
  4 frilled lizards
  3 kobolds
  9 rats
94 creatures vanquished.

Notes
Turn   | Place    | Note
-------+----------+-------------------------------------------
     0 | D:1      | mcbry74 the Merfolk Gladiator began the quest for the Orb.
     0 | D:1      | Reached XP level 1. HP: 16/16 MP: 1/1
     1 | D:1      | Found a runed translucent door.
    93 | D:1      | Reached skill level 5 in Polearms
    95 | D:1      | Reached XP level 2. HP: 18/22 MP: 2/2
   650 | D:1      | Reached skill level 6 in Polearms
   650 | D:1      | Reached XP level 3. HP: 25/27 MP: 3/3
  1308 | D:2      | Reached XP level 4. HP: 31/33 MP: 4/4
  1353 | D:2      | Reached skill level 7 in Polearms
  1391 | D:2      | Noticed Terence
  1407 | D:2      | Killed Terence
  1931 | D:2      | Reached skill level 8 in Polearms
  1932 | D:2      | Reached XP level 5. HP: 37/38 MP: 5/5
  3354 | D:4      | Reached skill level 9 in Polearms
  3560 | D:4      | Reached XP level 6. HP: 44/44 MP: 6/6
  3699 | D:4      | Reached skill level 10 in Polearms
  3781 | D:5      | Entered Level 5 of the Dungeon
  3790 | D:5      | Found a staircase to the Ecumenical Temple.
  3794 | Temple   | Entered the Ecumenical Temple
  3932 | Temple   | Became a worshipper of Warmaster Okawaru
  3985 | D:5      | Noticed a black bear
  3999 | D:5      | Killed a black bear
  4123 | D:4      | Reached XP level 7. HP: 14/50 MP: 7/7
  4411 | D:5      | Reached skill level 11 in Polearms
  5089 | D:6      | Noticed Eustachio
  5113 | D:6      | HP: 2/50 [Eustachio (1)]
  5113 | D:6      | Killed from afar by a white imp

Illustrated notes

Levels and vault maps discovered:
D:1:      dpeg_arrival_caged_fury, layout_basic
D:2:      layout_loops_corners, uniq_terence
D:3:      layout_basic
D:4:      layout_cave_pools
D:5:      layout_cave_pools, minmay_temple_entry_ruins, grunt_ministairs_15
D:6:      layout_rooms, serial_co_window_serial, co_window_paths_a,
          co_window_corner_a, co_window_corner_a, co_window_corner_a,
          co_window_paths_b, co_window_corner_a, co_window_paths_a,
          co_window_corner_a, co_window_paths_b, co_window_broadway_a,
          co_window_corner_b, co_window_of_opportunity_b, co_window_2corner,
          co_window_broadway_c, co_window_paths_e, glass_columns_a,
          glass_columns_b, uniq_eustachio
Temple:   grunt_wide_crystal_templ

Skill      XL: |  1  2  3  4  5  6  7 |
---------------+----------------------+-----
Polearms       | 5 6 8 9 10 11 | 11.9
Fighting       | |  2.1
Throwing       | |  2.0
Dodging        | |  4.0

Action                   |  1- 3 |  4- 6 |  7- 9 || total
-------------------------+-------+-------+-------++-------
Melee: Trident           |   128 |   185 |    62 ||   375
Throw: Boomerang         |       |    10 |       ||    10
       Throwing net      |       |     2 |       ||     2
       Dart              |       |     4 |       ||     4
  Use: Potion            |       |       |     1 ||     1
 Stab: Sleeping          |     2 |     4 |       ||     6
       Held in net/web   |       |     1 |       ||     1
Armor: Leather armour    |    25 |    35 |    24 ||    84
Dodge: Dodged            |    63 |    89 |    55 ||   207
